 Dungeon Crawl Stone Soup version 0.31-a0-435-g2c6fae2916 (webtiles) character file.

Game seed: 1311733091059589754

2063532 Monkooky the Acrobat (level 25, 289/289 HPs)
             Began as a Merfolk Gladiator on July 31, 2023.
             Was the Champion of Trog.
             Escaped with the Orb
             ... and 3 runes on Aug 1, 2023!
             The game lasted 02:31:30 (44307 turns).

Monkooky the Acrobat (Merfolk Gladiator)           Turns: 44307, Time: 02:31:31

Health: 289/289    AC: 42    Str: 27    XL:     25   Next: 74%
Magic:  23/23      EV: 41    Int:  6    God:    Trog [******]
Gold:   1354       SH: 13    Dex: 28    Spells: 24/24 levels left

rFire   + +          .
                       - Unarmed
rCold   + . .        g - +3 buckler {rC+}
rNeg    + . .        W - melded +8 gold dragon scales
rPois   ∞            k - +2 helmet {SInv}
rElec   +            O - +2 cloak {Will+}
rCorr   .            h - melded +0 pair of gloves
SInv    +            I - melded +4 pair of boots of Ennui {Harm Str-2 Dex+3}
Will    ++...        L - amulet "Fownor" {Rampage rF+ Regen+}
Stlth   ++           J - ring "Tanawarph" {Drain rElec rF+ Str+8 Int-2}
HPRegen 1.48/turn    D - +6 ring of dexterity
MPRegen 0.18/turn

%: rampage
@: statue-form, hasted, studying Short Blades, quick
A: slow and powerful, torment resistance 1, boosted hp, (nimble swimmer 2),
mertail, inability to read after injury 1
0: Orb of Zot
}: 3/15 runes: decaying, silver, gossamer
a: Begin Untransformation, Renounce Religion, Berserk, Trog's Hand, Brothers in
Arms


You escaped.
You worshipped Trog.
Trog was exalted by your worship.
You were a living statue of rough stone.
You visited 9 branches of the dungeon, and saw 45 of its levels.
You also visited: Gauntlet.

You collected 7082 gold pieces.
You spent 5728 gold pieces at shops.

Inventory:

Missiles
 d - 5 throwing nets
 e - 6 javelins
 T - 8 silver javelins
Armour
 g - a +3 buckler of cold resistance (worn)
 h - a +0 pair of gloves (melded)
 k - a +2 helmet of see invisible (worn)
 I - the +4 pair of boots of Ennui (melded) {Harm Str-2 Dex+3}
   (You found it in a Gauntlet)

   Str:       It affects your strength (-2).
   Dex:       It affects your dexterity (+3).
   Harm:      It increases damage dealt and taken.
 O - a +2 cloak of willpower (worn)
 W - +8 gold dragon scales (melded)
Jewellery
 f - the ring "Zeanlin" {Contam MP+9 Slay+5}
   (You found it on level 2 of the Vaults)

   [ring of magical power]

   Slay:      It affects your accuracy & damage with ranged weapons and melee
   (+5).
   MP:        It affects your magic capacity (+9).
   Contam:    It causes magical contamination when unequipped.
 D - a +6 ring of dexterity (right fist)
 J - the ring "Tanawarph" (left fist) {Drain rElec rF+ Str+8 Int-2}
   (You found it on level 5 of the Vaults)

   [ring of protection from fire]

   Str:       It affects your strength (+8).
   Int:       It affects your intelligence (-2).
   rF:        It protects you from fire.
   rElec:     It insulates you from electricity.
   Drain:     It drains your maximum health when unequipped.
 L - the amulet "Fownor" (around neck) {Rampage rF+ Regen+}
   (You found it on level 8 of the Dungeon)

   [amulet of regeneration]

   rF:        It protects you from fire.
   Regen:     It increases your rate of health regeneration.
   Rampage:   It bestows one free step when moving towards enemies.
 Q - a ring of resist corrosion
 U - the ring "Erchea Wiro" {Wiz rC+ Slay+3}
   (You took it off a tengu reaver on level 5 of the Vaults)

   [ring of wizardry]

   It improves your spell success rate.
   Slay:      It affects your accuracy & damage with ranged weapons and melee
   (+3).
   rC:        It protects you from cold.
Talismans
 x - a granite talisman (active)
 N - a blade talisman
Wands
 j - a wand of iceblast (43)
 G - a wand of digging (3)
 R - a wand of paralysis (12)
 V - a wand of quicksilver (12)
Scrolls
 i - 5 scrolls of immolation
 m - 6 scrolls of noise
 t - 2 scrolls of silence
 v - 9 scrolls of teleportation
 w - 8 scrolls of poison
 y - 7 scrolls of vulnerability
 z - 5 scrolls of fear
 C - 5 scrolls of blinking
 F - 5 scrolls of fog
 X - 14 scrolls of identify
 Y - 3 scrolls of butterflies
Potions
 a - a potion of berserk rage
 b - 7 potions of lignification
 n - 4 potions of resistance
 o - 14 potions of heal wounds
 p - 7 potions of brilliance
 q - 3 potions of enlightenment
 s - 4 potions of magic
 u - 3 potions of ambrosia
 A - 5 potions of invisibility
 B - 8 potions of attraction
 E - 20 potions of curing
 H - a potion of cancellation {unknown}
 K - 5 potions of haste
 P - 2 potions of might
 Z - 4 potions of mutation
Miscellaneous
 c - a phantom mirror
 l - a lightning rod (4/4)
 M - a sack of spiders
 S - a phial of floods


   Skills:
 + Level 23.9 Fighting
 - Level 3.6 Long Blades
 - Level 2.0 Throwing
 - Level 4.4 Armour
 + Level 26.7 Dodging
 - Level 9.0 Stealth
 - Level 15.4 Shields
 + Level 25.8 Unarmed Combat
 - Level 7.6 Evocations
 + Level 21.5 Shapeshifting


You had 24 spell levels left.
You didn't know any spells.
Your spell library contained the following spells:

 Spells                   Type           Power      Damage    Failure   Level
 Necrotise                Necr           0%         1d4       47%         1
 Sandblast                Erth           0%         2d4       47%         1
 Shock                    Conj/Air       0%         1d3       47%         1
 Blink                    Tloc           0%         N/A       63%         2
 Lesser Beckoning         Tloc           0%         N/A       63%         2
 Momentum Strike          Conj/Tloc      0%         3d8       63%         2
 Passwall                 Tmut/Erth      0%         N/A       63%         2
 Poisonous Vapours        Pois/Air       0%         N/A       63%         2
 Frozen Ramparts          Ice            0%         1d1       85%         3
 Mephitic Cloud           Conj/Pois/Air  0%         N/A       85%         3
 Stone Arrow              Conj/Erth      0%         3d7       85%         3
 Swiftness                Air            0%         N/A       85%         3
 Vampiric Draining        Necr           0%         2d6       85%         3
 Airstrike                Air            0%         2d(0-16)  99%         4
 Petrify                  Tmut/Erth      0%         N/A       99%         4
 Agony                    Necr           0%         N/A       100%        5
 Freezing Cloud           Conj/Ice/Air   0%         6-21      100%        5
 Irradiate                Conj/Tmut      0%         3d11      100%        5
 Metabolic Englaciation   Hex/Ice        0%         N/A       100%        5
 Sublimation of Blood     Necr           Unusable   N/A       N/A         2

Dungeon Overview and Level Annotations

Branches:
Dungeon (15/15)            Temple (0/1) D:7            Lair (5/5) D:10
  Swamp (4/4) Lair:2       Spider (4/4) Lair:3        Slime (0/5) Lair:4
    Orc (2/2) D:10            Elf (1/3) Orc:2        Vaults (5/5) D:14
  Crypt (0/3) Vaults:2     Depths (4/4) D:15            Zot (5/5) Depths:4
Gauntlet (visited)

Altars:
Ashenzari
Dithmenos
Fedhas
Gozag
Kikubaaqudgha
Makhleb
Nemelex Xobeh
Qazlal
Ru
Sif Muna
Trog
Xom
Yredelemnul
Jiyva
Lugonu

Shops:
D:3 ([*   D:7 :   D:10 =   D:11 (?(   D:13 (   Orc:2 *((:   Vaults:1 (
Vaults:3 [(   Vaults:4 !   Vaults:5 (   Depths:2 ![**[

Portals:
Hell: Depths:1 Depths:2 Depths:3 Depths:4
Abyss: Depths:1 Depths:3 Depths:4
Pandemonium: Depths:2 Depths:4
Ziggurat: Depths:4
Trove: D:11 (give horn of Geryon)

Annotations:
D:6 3 runed translucent doors, otakuarchivist's ghost, amateur DjFE
D:7 exclusion: 2 downstairs
D:10 exclusion: 2 downstairs
D:12 3 runed translucent doors, Ofeo's ghost, journeyman DsSh
D:13 exclusion: 2 downstairs
D:14 Roxanne
Lair:2 exclusion: downstairs
Swamp:3 Aizul
Zot:5 4 transporters


Innate Abilities, Weirdness & Mutations

You are a living statue of rough stone.
Your actions are slow, but your melee attacks are powerful.
You are resistant to unholy torment.
Your maximum health is greatly increased.
Your equipment is partially melded.
You are immune to poison.
((You are very nimble when in or above water. (Stealth+, EV+, Speed+++)))
Your lower body shifts to a powerful aquatic tail in water.
You occasionally lose the ability to read scrolls when taking damage.


Message History

a +0 scale mail; a +0 spear
Things that are here:
a +0 robe; a +0 dagger Your extra speed is starting to run out.
Blink to where?
Press: ? - help, Dir - move target
As you read the scroll of blinking, it crumbles to dust.
You climb upwards.
There is a stone staircase leading down here.
(D) Dungeon (T) Temple (L) Lair (S) Swamp (N) Spider Nest (M) Slime Pits (O) Orcish Mines (E) Elven Halls (V) Vaults (C) Crypt (U) Depths (H) Hell (Z) Zot
Where to? (Enter - D:1, ? - help)
You feel yourself slow down.
There is a stone staircase leading up here.
You climb upwards.
There is a stone staircase leading down here.
There is a stone staircase leading up here.
You climb upwards.
There is a stone staircase leading down here.
A hell beast comes into view.
Aiming: Dig
Press: ? - help, Shift-Dir - straight line A rock wall.
This square is covered in magical glow.
The rock shatters into small pieces.
You feel yourself speed up. The hell beast completely misses you.
The hell beast barely misses you.
You squash the hell beast like an ant!!!!
The hell beast is almost dead.
You block the hell beast's attack. The hell beast closely misses you.
You completely miss the hell beast.
The hell beast is almost dead.
You block the hell beast's attack. The hell beast completely misses you.
You squash the hell beast like an ant!!!!
You kill the hell beast!
Trog accepts your kill.
There is a staircase leading out of the dungeon here.
You have escaped!

######.........#.#######.###
##............###.# #....
#....###..........### ####.
#..#..........##....# ##
#..#.....#######....#
#####....#......####...##
#........#.♣♣.###......#
#........#.♣♣.#...#....#
#........#....#.8.#....#
#........#....#...#.♣♣.#
####.....#......###.♣♣.# #####
#.....#...####......######....
#.........#######.............
#....................#####....
###################### #...^
#.... #....


There were no monsters in sight!

Vanquished Creatures
  3 dread liches
  2 orbs of fire (Zot:5)
  Mara (Vaults:3)
  2 ancient liches (Vaults:5)
  3 juggernauts (Depths:1)
  2 Killer Klowns (Zot:5)
  Parghit (Depths:4)
  Margery (Depths:4)
  3 caustic shrikes (Depths:1)
  10 golden dragons
  Arachne (Spider:2)
  A bone dragon (Swamp:4)
  A Brimstone Fiend (D:7)
  An electric golem (Zot:5)
  Rupert (D:14)
  Mlioglotl (Spider:2)
  11 tentacled monstrosities
  Zenata (Vaults:1)
  A walking earthen tome (Depths:4)
  25 Orb Guardians
  5 liches (Depths:1)
  5 titans (Vaults:5)
  A walking divine tome (Depths:1)
  The ghost of Woitib the Devastator, an adept GrFE of Vehumet (Vaults:2)
  3 quicksilver dragons
  4 death cobs
  4 sphinxes
  3 thorn hunters
  5 shadow dragons
  The ghost of bmack86 the Warrior, an adept MiFi of Okawaru (Spider:1)
  7 draconian monks (Depths:4)
  6 storm dragons
  A daeva (Zot:3)
  13 tengu reavers
  An azure jelly (Vaults:4)
  A rockslime (Vaults:4)
  A draconian knight (Zot:5)
  11 fire giants
  A fenstrider witch (Swamp:3)
  3 deep elf sorcerers (Vaults:5)
  9 emperor scorpions
  2 draconian scorchers (Zot:5)
  5 iron dragons
  8 frost giants
  4 ghost moths
  3 spectral caustic shrikes (Depths:3)
  17 vault wardens
  4 orc warlords
  A caustic shrike zombie (Depths:2)
  17 ironbound preservers
  Louise (D:14)
  4 ironbound thunderhulks
  A draconian stormcaller (Depths:4)
  9 very ugly things
  A quicksilver ooze (Vaults:4)
  4 formless jellyfish
  A reaper (Depths:1)
  21 stone giants
  A quicksilver ooze (shapeshifter) (Depths:4)
  A stone giant (shapeshifter) (Vaults:5)
  The ghost of Pixtaico the Unseen, an adept FeNe of Elyvilon (Vaults:4)
  A war gargoyle (Vaults:5)
  2 draconian annihilators (Zot:5)
  A deep elf demonologist (Elf:1)
  10 green draconians
  Azrael (Spider:2)
  7 vampire knights
  The ghost of Osyvawk the Marksdraconian, a journeyman DrMo of Hepliaklqana (Lair:4)
  The ghost of Osyvawk the Marksdraconian, a journeyman DrMo of Hepliaklqana (Lair:4)
  4 purple draconians (Depths:4)
  2 bunyips
  The ghost of Zoekh the Fighter, a journeyman DsCK of Xom (Lair:4)
  A minotaur (Gauntlet)
  9 black draconians
  5 white draconians
  4 eleionomae
  A spark wasp (shapeshifter) (Vaults:1)
  6 dire elephants
  The ghost of Icosk the Cleaver, a journeyman MeRe of Okawaru (Lair:4)
  A deep elf annihilator (Vaults:5)
  12 ettins
  3 crystal guardians (Vaults:3)
  8 spark wasps
  6 red draconians
  A blizzard demon (Depths:1)
  A deep elf death mage (Vaults:2)
  12 fire dragons
  11 ice dragons
  A deep elf high priest (Vaults:2)
  10 entropy weavers
  A shambling mangrove (Swamp:1)
  Fannar (D:11)
  5 great orbs of eyes
  12 yaktaur captains
  Harold (D:11)
  A spriggan zombie (Depths:2)
  34 vault guards
  2 peacekeepers (Vaults:3)
  4 rakshasas
  17 hydras
  The ghost of Udghoil the Skirmisher, a journeyman SpHu of Fedhas (Lair:4)
  A fire dragon (shapeshifter) (Vaults:5)
  A catoblepas (D:13)
  2 jorogumos
  A merfolk avatar (Lair:5)
  4 ogre magi
  3 ghost crabs
  7 ironbound frosthearts
  3 radroaches
  3 hell beasts
  5 spriggan air magi (Depths:1)
  A two-headed ogre (shapeshifter) (Vaults:1)
  5 centaur warriors
  11 two-headed ogres
  6 alligators
  A dancing weapon (Elf:1)
  12 boulder beetles
  2 deep troll shamans (Depths:1)
  Urug (D:11)
  11 demonic crawlers
  7 deep troll earth magi
  3 vampire magi
  9 tengu warriors
  2 orc high priests
  5 spriggan berserkers
  2 titan zombies (Depths:2)
  A deep elf knight (Elf:1)
  A fire crab (shapeshifter) (D:13)
  11 hell knights
  Sonja (Lair:1)
  3 iron trolls
  2 sun moths
  A soul eater (Depths:1)
  8 skeletal warriors
  A titan skeleton (Depths:3)
  3 spriggans
  A sixfirhy (Depths:1)
  A goliath frog (shapeshifter) (Vaults:5)
  3 shadow wraiths
  A shadow demon (Zot:5)
  4 death drakes
  A death drake (shapeshifter) (Depths:2)
  12 pharaoh ants
  47 deep trolls
  2 flayed ghosts
  3 swamp dragons
  A golden dragon zombie (Depths:2)
  7 orb spiders
  A sea snake (Lair:5)
  A spectral hydra (Swamp:4)
  12 wizards
  3 glowing orange brains
  2 spriggan druids
  4 bog bodies (Swamp:4)
  8 steelbarb worms
  An obsidian statue (Vaults:2)
  2 deep elf archers (Elf:1)
  10 necromancers
  2 golden dragon skeletons (Depths:2)
  13 ironbound convokers
  8 lindwurms
  2 shadow dragon zombies
  6 harpies (Vaults:3)
  18 wolf spiders
  7 deep elf zephyrmancers (Elf:1)
  A steelbarb worm (shapeshifter) (Depths:1)
  6 phantasmal warriors
  8 orc knights
  53 ugly things
  2 frost giant zombies (Depths:3)
  5 deep elf pyromancers
  A sphinx zombie (Depths:2)
  8 orc sorcerers
  3 will-o-the-wisps
  5 cyclopes
  2 shining eyes (shapeshifter) (Vaults:1)
  A tengu skeleton (Vaults:3)
  2 stone giant skeletons (Vaults:3)
  A manticore (shapeshifter) (Vaults:2)
  2 fire giant zombies
  3 manticores (D:15)
  A faun (shapeshifter) (Vaults:1)
  10 moths of wrath
  A fire giant skeleton (Depths:2)
  19 elephants
  A frost giant skeleton (Depths:2)
  Maurice (D:8)
  An apocalypse crab (Gauntlet)
  5 black mambas
  7 torpor snails
  23 vault sentinels
  An eye of devastation (Vaults:4)
  An ice statue (Gauntlet)
  An orange demon (D:7)
  2 gargoyles (D:11)
  8 cane toads
  A kobold demonologist (D:13)
  14 komodo dragons
  2 freezing wraiths (Vaults:5)
  A spark wasp simulacrum (Depths:2)
  5 rime drakes
  An efreet (D:15)
  26 yaktaurs
  5 swamp worm zombies (Swamp:4)
  An ice devil (D:11)
  A yaktaur skeleton (Vaults:3)
  6 tengu conjurers
  3 hydra zombies (Swamp:4)
  A wind drake (Lair:5)
  15 meliai
  4 polar bears
  A bloated husk (Swamp:2)
  7 trolls
  A tengu simulacrum (Vaults:3)
  17 blink frogs
  9 hornets
  13 tyrant leeches
  15 tarantellas
  4 dream sheep (Lair:4)
  A blink frog (shapeshifter) (Vaults:5)
  3 alligator zombies (Swamp:4)
  3 spectral swamp dragons (Swamp:4)
  A snapping turtle (Lair:5)
  2 jumping spiders (shapeshifter)
  17 jumping spiders
  43 slime creatures
  2 air elementals (Elf:1)
  2 culicivoras (shapeshifter)
  Sigmund (D:2)
  3 wyverns
  6 shadows
  14 culicivoras
  A slime creature (shapeshifter) (Vaults:5)
  A wraith (D:12)
  2 ynoxinuls
  4 basilisks
  A basilisk (shapeshifter) (D:14)
  A fire bat (shapeshifter) (Vaults:5)
  3 golden eyes (D:13)
  53 yaks
  5 water elementals
  2 fire elementals (Spider:2)
  2 neqoxecs
  47 redbacks
  6 wargs
  A spriggan simulacrum (Depths:2)
  18 vampire mosquitoes
  6 steam dragons
  13 swamp worms
  16 water moccasins
  5 acid dragons
  Duvessa (D:6)
  5 hell hounds
  A floating eye (Depths:1)
  29 orc warriors
  3 swamp dragon zombies (Swamp:4)
  4 black bears
  3 ice beasts
  7 ogres
  21 wolves
  16 boggarts
  4 lemures
  17 centaurs
  5 phantoms (Swamp:4)
  3 kobold brigands
  10 bullfrogs
  2 gnoll sergeants
  2 scorpions
  4 wights (D:8)
  Dowan (D:6)
  16 killer bees
  An electric eel (Lair:2)
  A howler monkey (D:6)
  A lava snake (D:14)
  3 hounds
  31 orc priests
  2 gnoll boudas
  4 jellies
  Jessica (D:2)
  Terence (D:2)
  A sleepcap (D:6)
  3 iguanas
  46 orc wizards
  A spectral swamp drake (Swamp:4)
  17 gnolls
  3 swamp drake zombies (Swamp:4)
  6 adders
  A shadow imp (D:5)
  A white imp (D:5)
  2 ufetubi
  2 dart slugs (D:1)
  87 orcs
  7 ball pythons
  4 bats
  9 endoplasms
  A giant cockroach (D:2)
  5 goblins
  10 hobgoblins
  4 jackals (D:5)
  19 kobolds
  3 quokkas
  3 frilled lizards (D:1)
  7 rats
  A lurking horror (Depths:1)
1855 creatures vanquished.

Vanquished Creatures (collateral kills)
  Saint Roka (Orc:2)
  Donald (Vaults:3)
  A deep troll (Vaults:3)
  An ugly thing (Vaults:3)
  2 orc warriors (Orc:2)
  An orc priest (Orc:2)
  2 orcs (Orc:2)
9 creatures vanquished.

Vanquished Creatures (others)
  A demonic crawler (Spider:2)
  A storm dragon zombie (Depths:2)
  A pharaoh ant (Spider:2)
  Pikel (D:7)
  5 bloated husks
  A hydra zombie (Swamp:4)
  A tarantella (Spider:2)
  A spriggan (Swamp:2)
  A vampire mosquito (Swamp:4)
  A hell hound (Spider:2)
  A swamp worm (Swamp:2)
  A boggart (Vaults:2)
  3 phantoms (Swamp:4)
  4 foxfires
  2 lurking horrors (Depths:1)
25 creatures vanquished.

Grand Total: 1889 creatures vanquished

Notes
Turn   | Place    | Note
-------+----------+-------------------------------------------
     0 | D:1      | Monkooky the Merfolk Gladiator began the quest for the Orb.
     0 | D:1      | Reached XP level 1. HP: 16/16 MP: 1/1
   231 | D:1      | Reached XP level 2. HP: 21/24 MP: 2/2
   472 | D:1      | Reached XP level 3. HP: 26/30 MP: 3/3
   676 | D:2      | Noticed Jessica
   684 | D:2      | Killed Jessica
   685 | D:2      | Reached XP level 4. HP: 27/37 MP: 4/4
   960 | D:2      | Noticed Terence
   972 | D:2      | Killed Terence
  1280 | D:2      | Noticed Sigmund
  1290 | D:2      | Killed Sigmund
  1291 | D:2      | Reached skill level 5 in Shapeshifting
  1291 | D:2      | Reached XP level 5. HP: 42/42 MP: 5/5
  1291 | D:2      | Reached XP level 6. HP: 48/48 MP: 6/6
  1444 | D:3      | Found Papi's Magic Scroll Boutique.
  1454 | D:3      | Bought a scroll of teleportation for 39 gold pieces
  1454 | D:3      | Bought a scroll of poison for 52 gold pieces
  1459 | D:3      | Bought a scroll of identify for 26 gold pieces
  1470 | D:3      | Found Ociun's Weapon Boutique.
  1638 | D:3      | Found Feazewk's Armour Shoppe.
  1662 | D:3      | Found Lome's Assorted Antiques.
  1695 | D:3      | Bought a murky clear potion for 20 gold pieces
  1750 | D:3      | Found a blossoming altar of Fedhas.
  1810 | D:4      | Noticed a black bear
  1826 | D:4      | Killed a black bear
  1878 | D:4      | Reached XP level 7. HP: 45/53 MP: 7/7
  2366 | D:4      | Found a shimmering altar of Xom.
  2413 | D:5      | Entered Level 5 of the Dungeon
  2413 | D:5      | Found a shadowy altar of Dithmenos.
  2761 | D:5      | Reached skill level 1 in Unarmed Combat
  2761 | D:5      | Reached XP level 8. HP: 32/60 MP: 8/8
  2867 | D:5      | Found a burning altar of Makhleb.
  4183 | D:6      | Reached skill level 5 in Unarmed Combat
  4371 | D:6      | Reached skill level 5 in Fighting
  4618 | D:6      | Found a runed translucent gate.
  4619 | D:6      | Found a runed translucent gate.
  4619 | D:6      | Noticed a kobold demonologist
  4620 | D:6      | Found a runed translucent gate.
  4620 | D:6      | Noticed otakuarchivist's ghost (amateur DjFE)
  5088 | D:6      | Reached XP level 9. HP: 53/68 MP: 9/9
  5219 | D:6      | Found a bloodstained altar of Trog.
  5255 | D:6      | Noticed Duvessa
  5255 | D:6      | Noticed Dowan
  5262 | D:6      | Killed Duvessa
  5267 | D:6      | Killed Dowan
  6073 | D:7      | Reached skill level 5 in Dodging
  6223 | D:6      | Became a worshipper of Trog the Wrathful
  6268 | D:7      | Found a staircase to the Ecumenical Temple.
  6290 | D:7      | Found a sparkling altar of Nemelex Xobeh.
  6592 | D:7      | Reached skill level 6 in Dodging
  6778 | D:7      | Found Digadouh's Tiny Tomes.
  6798 | D:7      | Reached XP level 10. HP: 56/79 MP: 10/10
  6998 | D:7      | Reached * piety under Trog
  7463 | D:8      | Noticed a cyclops
  7540 | D:8      | Noticed a deep elf pyromancer
  7557 | D:8      | Killed a deep elf pyromancer
  7560 | D:8      | Reached skill level 7 in Dodging
  7561 | D:8      | Identified the amulet "Fownor" {Rampage rF+ Regen+}
  7565 | D:8      | Noticed a five-headed hydra
  7735 | D:8      | Reached skill level 10 in Unarmed Combat
  7944 | D:3      | Bought a scroll of fog for 52 gold pieces
  7944 | D:3      | Bought a scroll of identify for 26 gold pieces
  7964 | D:3      | Bought a scroll of identify for 46 gold pieces
  8182 | D:8      | Noticed Maurice
  8209 | D:8      | Killed Maurice
  8210 | D:8      | Reached skill level 8 in Dodging
  8300 | D:8      | Noticed a two-headed ogre
  8306 | D:8      | Killed a two-headed ogre
  8307 | D:8      | Noticed a centaur warrior
  8313 | D:8      | Killed a centaur warrior
  8314 | D:8      | Reached XP level 11. HP: 63/87 MP: 11/11
  8349 | D:8      | Noticed a two-headed ogre
  8354 | D:8      | Killed a two-headed ogre
  8355 | D:8      | Reached skill level 9 in Dodging
  8419 | D:8      | Found a shimmering blue altar of Sif Muna.
  8420 | D:8      | Noticed Pikel
  8528 | D:8      | Reached ** piety under Trog
  8598 | D:8      | Killed a five-headed hydra
  8756 | D:9      | Found a broken altar of Ashenzari.
  8761 | D:9      | Saw a vision of the Swamp and the Spider Nest.
  8761 | D:9      | Noticed a wolf spider
  8761 | D:9      | Noticed a radroach
  8761 | D:9      | Noticed an emperor scorpion
  8761 | D:9      | Noticed a pharaoh ant
  8761 | D:9      | Noticed a steelbarb worm
  8761 | D:9      | Noticed a spriggan rider
  8762 | D:9      | Noticed a boulder beetle
  9378 | D:9      | Noticed a two-headed ogre
  9382 | D:9      | Killed a two-headed ogre
  9415 | D:10     | Entered Level 10 of the Dungeon
  9509 | D:10     | Reached skill level 10 in Dodging
  9809 | D:10     | Found Geipynir's Jewellery Shoppe.
  9814 | D:10     | Noticed a two-headed ogre
  9833 | D:10     | Killed a two-headed ogre
  9840 | D:10     | Reached *** piety under Trog
  9872 | D:10     | Reached skill level 10 in Fighting
  9875 | D:10     | Found a staircase to the Orcish Mines.
  9906 | D:10     | Found a staircase to the Lair.
  9974 | D:10     | Found a stormy altar of Qazlal.
 10196 | D:10     | Found Lixze Duyd's Jewellery Emporium.
 10711 | D:8      | Killed a cyclops
 10721 | D:8      | Reached XP level 12. HP: 9/97 MP: 12/12
 10843 | D:11     | Noticed Harold
 10953 | D:11     | Found Zigi's Antique Weapon Shoppe.
 10953 | D:11     | Found Jiekhomi's Magic Scroll Shoppe.
 10953 | D:11     | Found Yklippuo's Antique Weapon Shoppe.
 10985 | Lair:1   | Entered Level 1 of the Lair of Beasts
 11367 | Lair:1   | Identified the +1 leather armour "Zacit" {rElec Regen+}
 11407 | Lair:1   | Noticed Sonja
 11413 | Lair:1   | Killed Sonja
 11414 | Lair:1   | Reached skill level 11 in Dodging
 11425 | Lair:1   | Reached **** piety under Trog
 11891 | Lair:2   | Found a staircase to the Swamp.
 12101 | Lair:2   | Reached skill level 10 in Shapeshifting
 12723 | Lair:3   | Noticed a five-headed hydra
 12736 | Lair:2   | Killed a five-headed hydra
 12778 | Lair:2   | Reached skill level 12 in Dodging
 12779 | Lair:2   | Reached skill level 15 in Unarmed Combat
 12783 | Lair:3   | Reached XP level 13. HP: 88/106 MP: 13/13
 13046 | Lair:3   | Reached ***** piety under Trog
 13135 | Lair:3   | Reached skill level 1 in Stealth
 13188 | Lair:3   | Received a gift from Trog
 13272 | Lair:3   | Found a hole to the Spider Nest.
 14134 | Lair:4   | Found a staircase to the Slime Pits.
 14372 | Lair:4   | Found a runed translucent gate.
 14372 | Lair:4   | Found a runed translucent gate.
 14373 | Lair:4   | Found a runed translucent gate.
 14393 | Lair:4   | Reached skill level 13 in Dodging
 14734 | Lair:4   | Noticed Zoekh's ghost (journeyman DsCK)
 14734 | Lair:4   | Noticed Osyvawk's ghost (journeyman DrMo)
 14735 | Lair:4   | Noticed Osyvawk's ghost (journeyman DrMo)
 14736 | Lair:4   | Noticed Udghoil's ghost (journeyman SpHu)
 14736 | Lair:4   | Noticed Icosk's ghost (journeyman MeRe)
 14884 | Lair:5   | Entered Level 5 of the Lair of Beasts
 15107 | Lair:5   | Reached XP level 14. HP: 64/116 MP: 14/14
 15281 | Lair:5   | Received a gift from Trog
 15311 | Lair:5   | Identified the +2 trident of Cammyest {pain, +Blink rPois
                  | rC- Dex+4}
 15317 | Lair:5   | Identified the +2 ring mail "Fiol" {rN+ Str-4 Slay+2}
 15318 | Lair:5   | Identified the +2 leather armour of the Manifold Knaves
                  | {-Cast *Slow rF+++ rCorr}
 15583 | Lair:5   | Reached skill level 14 in Dodging
 16123 | D:11     | Killed Harold
 16178 | D:11     | Noticed Fannar
 16191 | D:11     | Killed Fannar
 16218 | D:11     | Bought a scroll of immolation for 64 gold pieces
 16218 | D:11     | Bought a scroll of identify for 32 gold pieces
 16282 | D:11     | Noticed Urug
 16296 | D:11     | Killed Urug
 16455 | D:11     | Found a portal to a secret trove of treasure.
 16605 | D:11     | Identified the +5 ring mail of Fedhas's Favour {rC- Int+2
                  | Stlth+}
 16618 | D:11     | Received a gift from Trog
 17599 | D:12     | Found a runed translucent gate.
 17599 | D:12     | Found a runed translucent gate.
 17599 | D:12     | Found a runed translucent gate.
 17607 | D:12     | Noticed Ofeo's ghost (journeyman DsSh)
 17766 | D:13     | Reached XP level 15. HP: 124/124 MP: 15/15
 17904 | Orc:1    | Entered Level 1 of the Orcish Mines
 17944 | Orc:2    | Entered Level 2 of the Orcish Mines
 18047 | Orc:2    | Noticed Saint Roka
 18075 | Orc:2    | Killed Saint Roka
 18190 | Orc:2    | Found a staircase to the Elven Halls.
 18241 | Orc:2    | Reached skill level 15 in Dodging
 18272 | Orc:2    | Found Cemif's Antique Weapon Shop.
 18272 | Orc:2    | Found Roekoif's General Store.
 18272 | Orc:2    | Found Limoum's Antique Weapon Boutique.
 18282 | Orc:2    | Received a gift from Trog
 18316 | Orc:2    | Found Duckevi's Book Boutique.
 18376 | Orc:2    | Bought a potion of might for 44 gold pieces
 18376 | Orc:2    | Bought a scroll of blinking for 82 gold pieces
 18781 | Orc:1    | Noticed an orc warlord
 18797 | Orc:1    | Killed an orc warlord
 19030 | Orc:1    | Received a gift from Trog
 19797 | D:13     | Found Acvoming's Antique Weapon Shop.
 20148 | D:14     | Noticed Louise
 20167 | D:14     | Killed Louise
 20489 | D:14     | Found a gate to the Vaults.
 20496 | D:14     | Received a gift from Trog
 20511 | D:14     | Noticed Rupert
 20567 | D:13     | Upgraded the game from 0.31-a0-431-g88bdf31460 to
                  | 0.31-a0-435-g2c6fae2916
 20835 | D:14     | Reached XP level 16. HP: 112/134 MP: 16/16
 20867 | D:14     | Reached skill level 16 in Dodging
 20883 | D:14     | Noticed Roxanne
 20912 | D:14     | Killed Rupert
 21131 | D:15     | Entered Level 15 of the Dungeon
 21140 | D:15     | Found a gate leading to a gauntlet.
 21174 | Gauntlet | Entered a Gauntlet
 21174 | Gauntlet | Found a transporter.
 21174 | Gauntlet | Found a transporter.
 21189 | Gauntlet | Found a transporter.
 21194 | Gauntlet | Found a transporter.
 21202 | Gauntlet | Found a transporter.
 21207 | Gauntlet | Found a transporter.
 21215 | Gauntlet | Found a transporter.
 21235 | Gauntlet | Found a transporter.
 21255 | Gauntlet | Found a transporter.
 21256 | Gauntlet | Found a transporter.
 21264 | Gauntlet | Found a transporter.
 21268 | Gauntlet | Found a transporter.
 21502 | Gauntlet | Identified the +0 cloak of Neeblic {rElec rF+++ rCorr
                  | Slay-6}
 21534 | Gauntlet | Identified the +4 pair of boots of Ennui {Harm Str-2 Dex+3}
 21582 | Gauntlet | Reached skill level 1 in Armour
 21810 | D:15     | Found a staircase to the Depths.
 22209 | D:15     | Found a stormy altar of Qazlal.
 22652 | Swamp:1  | Entered Level 1 of the Swamp
 22757 | Swamp:1  | Received a gift from Trog
 23628 | Swamp:2  | Reached skill level 15 in Fighting
 24034 | Swamp:3  | Noticed a fenstrider witch
 24041 | Swamp:3  | Killed a fenstrider witch
 24140 | Swamp:3  | Noticed a tentacled monstrosity
 24151 | Swamp:3  | Killed a tentacled monstrosity
 24412 | Swamp:3  | Noticed a thorn hunter
 24415 | Swamp:3  | Noticed Aizul
 24424 | Swamp:3  | HP: 6/136 [Aizul/poison arrow (27)]
 24426 | Swamp:3  | Killed a thorn hunter
 24428 | Swamp:3  | You fall into a shaft and drop 1 floor!
 24428 | Swamp:4  | Entered Level 4 of the Swamp
 24526 | Swamp:4  | Reached XP level 17. HP: 142/142 MP: 17/17
 25232 | Swamp:4  | Reached skill level 5 in Shields
 25551 | Swamp:4  | Noticed a bone dragon
 25582 | Swamp:4  | Killed a bone dragon
 25584 | Swamp:4  | Reached ****** piety under Trog
 25612 | Swamp:4  | Got a decaying rune of Zot
 25796 | Spider:1 | Entered Level 1 of the Spider Nest
 25832 | Spider:1 | Found a runed translucent door.
 25833 | Spider:1 | Noticed bmack86's ghost (adept MiFi)
 25850 | Spider:1 | Reached skill level 10 in Shields
 25922 | Spider:1 | Received a gift from Trog
 25979 | Spider:1 | Identified the +3 sling of Regicide {elec, Int+3}
 26092 | Spider:1 | Identified the +1 robe of Qazlal's Generosity {-Tele rF+
                  | rC- Int+3 Dex+8}
 26269 | Spider:1 | Killed bmack86's ghost
 26317 | Spider:2 | Noticed Arachne
 26480 | Spider:2 | Noticed Mlioglotl
 26489 | Spider:2 | Killed Mlioglotl
 26539 | Spider:2 | Killed Arachne
 26702 | Spider:2 | Reached skill level 15 in Shapeshifting
 26758 | Spider:2 | Noticed Azrael
 26768 | Spider:2 | Killed Azrael
 26769 | Spider:2 | Reached skill level 17 in Dodging
 26771 | Spider:2 | Reached XP level 18. HP: 149/149 MP: 18/18
 26924 | Spider:3 | Received a gift from Trog
 27036 | Spider:3 | Reached skill level 18 in Dodging
 27862 | Spider:4 | Entered Level 4 of the Spider Nest
 27865 | Spider:4 | Reached skill level 19 in Dodging
 28104 | Spider:4 | Reached skill level 20 in Dodging
 28115 | Spider:4 | Identified the +13 demon trident "Qure" {flame, rCorr}
                  | (Trog gifted it to you on level 4 of the Spider Nest)
 28115 | Spider:4 | Received a gift from Trog
 28273 | Spider:3 | Reached skill level 1 in Evocations
 28461 | Spider:4 | Reached skill level 5 in Evocations
 28510 | Spider:4 | Got a gossamer rune of Zot
 28937 | Vaults:1 | Entered Level 1 of the Vaults
 29177 | Vaults:1 | Reached XP level 19. HP: 155/155 MP: 19/19
 29255 | Vaults:1 | Received a gift from Trog
 29674 | Vaults:1 | Noticed Zenata
 29684 | Vaults:1 | Killed Zenata
 29724 | Vaults:1 | Found Kumpiud's Weapon Shop.
 29805 | Vaults:1 | Identified the +7 chain mail of the Shining Light {+Inv}
 30373 | Vaults:2 | Received a gift from Trog
 30440 | Vaults:2 | Identified the ring "Zeanlin" {Contam MP+9 Slay+5}
 30955 | Vaults:2 | Reached skill level 5 in Stealth
 31169 | Vaults:2 | Found a runed translucent gate.
 31169 | Vaults:2 | Found an opulent altar of Gozag.
 31170 | Vaults:2 | Found a runed translucent gate.
 31171 | Vaults:2 | Found a runed translucent gate.
 31172 | Vaults:2 | Noticed Woitib's ghost (adept GrFE)
 31257 | Vaults:2 | Found a staircase to the Crypt.
 31257 | Vaults:2 | Found a basalt altar of Yredelemnul.
 31257 | Vaults:2 | Found an ancient bone altar of Kikubaaqudgha.
 31349 | Vaults:2 | Reached XP level 20. HP: 166/166 MP: 20/20
 31423 | Vaults:2 | Identified the +1 chain mail of the Lair of Beasts {Int+2}
 31426 | Vaults:2 | Identified the +6 plate armour "Udeocebo" {Str+4}
 31599 | Vaults:3 | Received a gift from Trog
 31698 | Vaults:3 | Noticed Mara
 31701 | Vaults:3 | Noticed Monkooky's illusion
 31737 | Vaults:3 | Noticed Donald
 32104 | Vaults:3 | Killed Donald
 32116 | Vaults:3 | Killed Mara
 32453 | Vaults:3 | Found Woalustra's Antique Armour Shoppe.
 32513 | Vaults:3 | Found Inorom's Antique Weapon Boutique.
 32597 | Vaults:3 | Identified the +11 demon trident "Efoamn" {flame, rN+}
                  | (Trog gifted it to you on level 3 of the Vaults)
 32597 | Vaults:3 | Received a gift from Trog
 33240 | Vaults:4 | Found Umisyti's Distillery.
 33392 | Vaults:4 | Found a runed translucent gate.
 33392 | Vaults:4 | Found a runed translucent gate.
 33392 | Vaults:4 | Found a runed translucent gate.
 33392 | Vaults:4 | Noticed Pixtaico's ghost (adept FeNe)
 33395 | Vaults:4 | Found a viscous altar of Jiyva.
 33430 | Vaults:4 | Received a gift from Trog
 34200 | Vaults:5 | Entered Level 5 of the Vaults
 34240 | Vaults:5 | Reached XP level 21. HP: 175/178 MP: 21/21
 34286 | Vaults:5 | Reached skill level 21 in Dodging
 34418 | Vaults:5 | Received a gift from Trog
 34459 | Vaults:5 | Identified the ring "Tanawarph" {Drain rElec rF+ Str+8
                  | Int-2}
 34485 | Vaults:5 | Found Nuceukach's Antique Weapon Shoppe.
 34486 | Vaults:5 | Identified the staff "Kiov" {Int+4 Conj}
 34618 | Vaults:5 | Reached skill level 15 in Shields
 34655 | Vaults:5 | Noticed a dread lich
 34665 | Vaults:5 | Killed a dread lich
 34677 | Vaults:5 | Noticed a golden dragon
 34683 | Vaults:5 | Killed a golden dragon
 34831 | Vaults:5 | Identified the amulet "Sit One" {RegenMP Int+6}
 34906 | Vaults:5 | Identified the +10 mace of Disaster {freeze, rPois rCorr}
 34909 | Vaults:5 | Identified the ring "Erchea Wiro" {Wiz rC+ Slay+3}
 34921 | Vaults:5 | Noticed an ancient lich
 35135 | Vaults:5 | Reached XP level 22. HP: 195/195 MP: 22/22
 35146 | Vaults:5 | Received a gift from Trog
 35182 | Vaults:5 | Killed an ancient lich
 35192 | Vaults:5 | Identified the ring of the Bashing Gods {Will+ MP+9}
 35259 | Vaults:5 | Identified the +6 lajatang of War {spect, rPois Will+}
 35262 | Vaults:5 | Noticed an ancient lich
 35268 | Vaults:5 | Killed an ancient lich
 35396 | Vaults:5 | Identified the +2 pair of gloves "Ycryclof" {rPois}
 35480 | Vaults:5 | Got a silver rune of Zot
 35927 | Elf:1    | Entered Level 1 of the Elven Halls
 36316 | Depths:1 | Entered Level 1 of the Depths
 36330 | Depths:1 | Found a gateway to Hell.
 36379 | Depths:1 | Found a one-way gate to the infinite horrors of the Abyss.
 36379 | Depths:1 | Found a corrupted altar of Lugonu.
 36610 | Depths:1 | Reached skill level 22 in Dodging
 36612 | Depths:1 | Noticed a juggernaut
 36616 | Depths:1 | Noticed a juggernaut
 36620 | Depths:1 | Noticed a caustic shrike
 36623 | Depths:1 | Killed a juggernaut
 36632 | Depths:1 | Killed a caustic shrike
 36635 | Depths:1 | Killed a juggernaut
 36639 | Depths:1 | Received a gift from Trog
 36753 | Depths:1 | Noticed a juggernaut
 36760 | Depths:1 | Killed a juggernaut
 36966 | Depths:1 | Noticed a caustic shrike
 36968 | Depths:1 | Noticed a caustic shrike
 36973 | Depths:1 | Killed a caustic shrike
 36976 | Depths:1 | Killed a caustic shrike
 37167 | Depths:1 | Reached XP level 23. HP: 207/207 MP: 23/23
 37200 | Depths:1 | Reached skill level 23 in Dodging
 37215 | Depths:1 | Received a gift from Trog
 38161 | Vaults:4 | Killed Pixtaico's ghost
 38188 | Vaults:4 | Identified the +5 shortbow of Beogh's Reproof {antimagic,
                  | Fragile rPois Str+4}
 38300 | Vaults:2 | Killed Woitib's ghost
 38300 | Vaults:2 | Received a gift from Trog
 38424 | Vaults:3 | Bought shiny pearl dragon scales for 4288 gold pieces
 38778 | D:11     | Bought a scroll of butterflies for 64 gold pieces
 38778 | D:11     | Bought a scroll of butterflies for 64 gold pieces
 38778 | D:11     | Bought a scroll of fog for 64 gold pieces
 38778 | D:11     | Bought a scroll of silence for 152 gold pieces
 38921 | Lair:4   | Killed Osyvawk's ghost
 38927 | Lair:4   | Killed Icosk's ghost
 38936 | Lair:4   | Killed Osyvawk's ghost
 38943 | Lair:4   | Killed Zoekh's ghost
 38944 | Lair:4   | Killed Udghoil's ghost
 38951 | Lair:4   | Identified the +10 sling "Soyt" {elec, Fly Will+}
 39214 | D:3      | Bought a scroll of revelation for 97 gold pieces
 39214 | D:3      | Bought a scroll of poison for 52 gold pieces
 39605 | Depths:3 | You fall into a shaft and drop 1 floor!
 39605 | Depths:4 | Entered Level 4 of the Depths
 39684 | Depths:4 | Found a stormy altar of Qazlal.
 39700 | Depths:4 | Noticed Parghit
 39702 | Depths:4 | Killed Parghit
 39733 | Depths:4 | Noticed Margery
 39736 | Depths:4 | Reached skill level 24 in Dodging
 39743 | Depths:4 | Killed Margery
 40013 | Depths:2 | Found Boqunt's Distillery.
 40028 | Depths:2 | Found Furuzost's General Store.
 40028 | Depths:2 | Found Niymoxko's General Store.
 40033 | Depths:2 | Found Meirual's Armour Emporium.
 40048 | Depths:2 | Bought 3 scrolls of teleportation for 90 gold pieces
 40051 | Depths:2 | Bought a potion of invisibility for 136 gold pieces
 40051 | Depths:2 | Bought a potion of might for 68 gold pieces
 40051 | Depths:2 | Bought a potion of heal wounds for 85 gold pieces
 40051 | Depths:2 | Bought a potion of heal wounds for 85 gold pieces
 40069 | Depths:2 | Received a gift from Trog
 40084 | Depths:2 | Found Lacam's Armour Shop.
 40212 | Depths:2 | Reached XP level 24. HP: 214/214 MP: 23/23
 40396 | Depths:2 | Found a one-way gate leading to the halls of Pandemonium.
 40398 | Depths:2 | Noticed a dread lich
 40405 | Depths:2 | Killed a dread lich
 40488 | Depths:2 | Identified a scroll of acquirement
 40496 | Depths:2 | Acquired 721 gold pieces
 40777 | Depths:2 | Found a sacrificial altar of Ru.
 40902 | Depths:4 | Received a gift from Trog
 41047 | Depths:4 | Reached skill level 25 in Dodging
 41571 | Depths:4 | Found a one-way gateway to a ziggurat.
 42498 | Depths:4 | Identified the ring "Poifiul" {Will+ SInv}
 42500 | Depths:4 | Found a gate to the Realm of Zot.
 42607 | Depths:4 | Identified the staff of the Eel {rCorr Str+4 Dex-5 Earth}
 42668 | Zot:1    | Entered Level 1 of the Realm of Zot
 42739 | Zot:3    | Noticed a curse toe
 42783 | Zot:5    | Entered Level 5 of the Realm of Zot
 42929 | Zot:5    | Found a transporter.
 42971 | Zot:5    | Reached XP level 25. HP: 221/221 MP: 23/23
 42980 | Zot:5    | Reached skill level 26 in Dodging
 42996 | Zot:5    | Received a gift from Trog
 43040 | Zot:5    | Found a transporter.
 43131 | Zot:5    | Found a transporter.
 43338 | Zot:5    | Found a transporter.
 43501 | Zot:5    | Noticed an orb of fire
 43513 | Zot:5    | Killed an orb of fire
 43519 | Zot:5    | Noticed a Killer Klown
 43527 | Zot:5    | Killed a Killer Klown
 43529 | Zot:5    | Noticed a dread lich
 43538 | Zot:5    | Killed a dread lich
 43581 | Zot:5    | Noticed an orb of fire
 43588 | Zot:5    | Gained mutation: You occasionally lose the ability to read
                  | scrolls when taking damage. [an orb of fire]
 43590 | Zot:5    | Killed an orb of fire
 43680 | Zot:5    | Got the Orb of Zot
 43685 | Zot:5    | Noticed a Killer Klown
 43703 | Zot:5    | Killed a Killer Klown
 44171 | D:7      | Killed Pikel
 44208 | D:6      | Received a gift from Trog
 44226 | D:4      | Noticed Ymine the pandemonium lord
 44307 | D:$      | Escaped with the Orb!

Illustrated notes

Levels and vault maps discovered:
D:1:      amcnicky_arrival_double_pillar, layout_basic
D:2:      layout_loops_ring, grunt_decor_mini_mirrors, uniq_sigmund,
          uniq_jessica, uniq_terence
D:3:      layout_rooms, fedhas_altar_fruit_tree, serial_shops, shop_statue,
          nicolae_shop_behind_doors, shop, shop
D:4:      layout_rooms, dk_xom_monty_hall, minmay_manual_maat
D:5:      layout_rooms, mainiacjoe_overflow_catwalk_spiral
D:6:      layout_basic, nicolae_overflow_hidden_temple,
          gammafunk_ghost_nasty_kobolds, nicolae_figureground_pulse,
          uniq_duvessa
D:7:      layout_rooms, nemelex_xobeh_ov_fountains_minmay,
          minmay_temple_entry_mini_moons, serial_rivers,
          chequers_serial_rivers_small_a, chequers_serial_rivers_micro_d,
          chequers_serial_rivers_large_b, chequers_serial_rivers_room_a,
          chequers_serial_rivers_micro_b, chequers_serial_rivers_micro_a,
          st_stairs_4, nicolae_shop_i_like_small_books_too,
          nicolae_nh_ransacked_shop
D:8:      minmay_diamond_stairs, layout_rooms, lemuel_tele_altar, uniq_maurice,
          uniq_pikel
D:9:      layout_loops_cross, grunt_ashenzari_visionary
          [grunt_ashenzari_visionary_swamp, grunt_ashenzari_visionary_spider]
D:10:     layout_loops_ring, old_standard_altar, lair_entry_dummy, david_orc_5,
          roderic_lattice_a, nicolae_inconvenience_store,
          minmay_shop_enchanted_jewellery, kennysheep_flooded_box
D:11:     layout_loops_ring, enter_trove_5, chequers_mini_garden,
          nicolae_shop_distant_corner_stores, uniq_fannar, uniq_harold,
          uniq_urug
D:12:     layout_loops_ring, gammafunk_ghost_spectres, st_stairs_10,
          kennysheep_generic_room_2
D:13:     layout_long_grid, serial_shops, shop
D:14:     layout_cross, david_vaults_2, kennysheep_donut, st_stairs_11,
          chequers_serial_rivers_large_a, minmay_fountain_box, uniq_louise,
          uniq_roxanne, uniq_rupert
D:15:     hangedman_depths_entry_try_elsewhere_first, layout_basic,
          gauntlet_entry_generic, old_standard_altar
Lair:1:   layout_small_grid, serial_bayou_pond_c, st_stairs_13,
          eino_small_chamber_without_monster, lemuel_fruit_fields, uniq_sonja
Lair:2:   layout_roguey, minmay_swamp_entry_worms, serial_bayou_crossing,
          lemuel_fruit_tree
Lair:3:   layout_small_grid, nicolae_spider_entry_tight_spaces,
          nicolae_lair_grove_arrangements
Lair:4:   hellmonk_ruined_rings, layout_loops_ring, slime_entry_1,
          gammafunk_ghost_cemetery
Lair:5:   gammafunk_lair_ancient_temple, layout_long_grid
Swamp:1:  layout_falls_marsh, nicolae_swamp_some_circles,
          infiniplex_staircase_pool
Swamp:2:  layout_basic_swamp, evilmike_swamp_ruin_house_5, swamp_pool3,
          roderic_carrion_pond
Swamp:3:  layout_basic_swamp, evilmike_swamp_ruin_rubble_2, swamp_pool4,
          water_boxes_lemuel, uniq_aizul
Swamp:4:  swamp_pestilence, layout_basic_swamp
Spider:1: layout_spider_delve, gammafunk_ghost_grave, hellmonk_motheaten_closet
Spider:2: layout_spider_delve, uniq_mlioglotl, uniq_arachne, uniq_azrael
Spider:3: layout_cave_pods
Spider:4: hellmonk_spider_rune_bug_friends, nicolae_spider_some_kinda_spiderbox
Orc:1:    cheibrodos_orc_bank, layout_diamond_mine
Orc:2:    st_orc_mages, layout_caves, uniq_saint_roka
Elf:1:    nicolae_elf_arrival_aired_out, layout_loops_corners, minivault_28,
          minivault_26
Vaults:1: ontoclasm_vaults_hangar, nicolae_vaults_two_Ls,
          vaults_mumra_minichess, nicolae_vaults_taking_the_gang_shopping,
          nicolae_vaults_big_ls, nicolae_vaults_stairing_the_circle,
          ontoclasm_vaults_pinch, hangedman_vaults_nodes, v_rooms_6,
          grunt_vaults_focal, nicolae_vaults_loss_of_containment,
          nicolae_vaults_tetromino_Z_2, nicolae_vaults_tetromino_Z_2,
          vaults_dpeg_hooks, layout_vaults_big_cross, uniq_zenata
Vaults:2: ebering_ghost_gozag, minmay_crypt_entry_necro_gods,
          nicolae_vaults_border_crossing, nicolae_vaults_quartermaster,
          nicolae_vaults_tetromino_L_1, hangedman_vaults_capsules,
          ontoclasm_vaults_decontamination, nicolae_vaults_trapezoid_lopsided_3,
          nicolae_vaults_weapon_check, layout_vaults_omnigrid
Vaults:3: nicolae_vaults_double_plus_3, vaults_standard_mumra_lines,
          nicolae_vaults_storage_closets_3, nicolae_vaults_puzzle_piece,
          grunt_vaults_bifocal, v_misc_15, nicolae_vaults_tangram_2,
          vaults_dpeg_diagonal, vaults_room_pools, vaults_room_octagon,
          nicolae_vaults_security_offices_4, nicolae_vaults_layer_cake_slice,
          nicolae_vaults_tetromino_T_1, v_misc_9,
          nicolae_vaults_sesquioval_fish, layout_vaults_ring, serial_shops,
          shop, shop, uniq_donald, uniq_mara
Vaults:4: gammafunk_ghost_ooze, hangedman_vaults_restitches,
          vaults_room_large_hall, v_misc_26, nicolae_vaults_network_star,
          vaults_dpeg_doors, hangedman_vaults_impose,
          nicolae_vaults_surprise_closet, nicolae_vaults_tetromino_T_1,
          nicolae_vaults_two_Ls, v_misc_11, ontoclasm_vaults_ring_small,
          v_alt_pattern_3, nicolae_vaults_network_barrier, vaults_dpeg_ring,
          nicolae_vaults_lightning_bolt, layout_vaults_maze, serial_shops,
          nicolae_shop_industrial_runoff
Vaults:5
Depths:1: minmay_octagon_city, layout_long_grid, grunt_mini_vestibule,
          grunt_ministairs_15, kennysheep_path_1,
          amcnicky_altar_lugonu_corruption
Depths:2: nooodl_glass_maze, layout_gridlike, serial_shops, shop_statue,
          hell_entry, pan_entry, special_room [special_room_morgue],
          nicolae_ru_path_of_blood, minmay_shoptagon
Depths:3: minmay_tile_spiral, layout_basic, hangedman_decor_points,
          minmay_room_of_horrors, pf_hell_entry_tar_river
Depths:4: lemuel_castle_with_subvaults [lemuel_castle_interior_carwin_2],
          layout_gridlike, enter_ziggurat_f, nicolae_qazlal_style_of_elements,
          rand_demon_pan_entry_1, hell_entry, abyss_entry_crystal,
          serial_bayou_shore_a, uniq_parghit, uniq_margery
Zot:1:    layout_basic, uniq_grunn
Zot:2:    gammafunk_sealed_arena, layout_onion
Zot:3:    kennysheep_blocky_hall, layout_misc_corridors, hellmonk_body_bag,
          grunt_megastairs_5
Zot:4:    layout_cathedral_of_symmetry, uniq_josephina
Zot:5:    layout_onion, nicolae_diode_intersection

Skill      XL: |  1  2  3  4  5  6  7  8  9 10 11 12 13 14 15 16 17 18 19 20 21 22 23 24 25 |
---------------+----------------------------------------------------------------------------+-----
Fighting       | 3 5 7 8 10 11 12 13 14 15 16 18 21 23 | 23.9
Shapeshifting  | 2 5 6 9 10 11 12 13 14 15 16 17 19 20 21 | 21.5
Unarmed Combat | 1 6 9 11 13 15 16 18 19 20 21 22 23 24 25 | 25.8
Dodging        | 6 8 10 12 13 14 15 16 17 20 21 22 24 25 26 | 26.7
Stealth        | 2 8 9 |  9.0
Armour         | 4 |  4.4
Shields        | 14 15 | 15.4
Evocations     | 7 |  7.6
Long Blades    | |  3.6
Throwing       | |  2.0

Action                     |  1- 3 |  4- 6 |  7- 9 | 10-12 | 13-15 | 16-18 | 19-21 | 22-24 | 25-27 || total
---------------------------+-------+-------+-------+-------+-------+-------+-------+-------+-------++-------
  Melee: Long sword        |    53 |       |       |       |       |       |       |       |       ||    53
         Falchion          |    13 |    69 |    72 |       |       |       |       |       |       ||   154
         Punch             |       |     1 |     9 |    34 |   130 |    39 |       |       |       ||   213
         Unarmed           |       |       |   249 |   492 |   959 |  1124 |  1229 |  1124 |   238 ||  5415
         Tailslap          |       |       |       |     1 |    17 |    21 |       |     3 |       ||    42
  Throw: Throwing net      |       |     2 |       |       |       |       |       |       |       ||     2
 Invoke: Berserk           |       |       |       |     5 |     9 |     5 |     6 |     9 |     1 ||    35
         Trog's Hand       |       |       |       |       |     3 |     4 |     6 |     2 |     3 ||    18
         Brothers in Arms  |       |       |       |       |     2 |       |     1 |     1 |       ||     4
  Evoke: Wand              |       |       |       |       |       |     5 |     3 |     1 |     2 ||    11
         Lightning rod     |       |       |       |       |       |     1 |     4 |       |       ||     5
         Phial of floods   |       |       |       |       |       |     1 |     3 |     1 |       ||     5
    Use: Scroll            |       |     4 |     5 |     6 |    10 |    13 |    10 |    10 |     5 ||    63
         Potion            |       |       |     6 |       |     2 |     2 |     1 |       |    12 ||    23
   Stab: Sleeping          |     1 |     3 |     2 |     7 |    15 |    11 |    21 |    26 |       ||    86
         Distracted        |       |     1 |       |     2 |     5 |     3 |     4 |     6 |       ||    21
         Held in net/web   |       |     1 |       |       |       |       |       |       |       ||     1
 Armour: Leather armour    |    23 |    16 |    48 |       |       |       |       |       |       ||    87
         Skin              |       |       |     4 |       |       |   411 |   339 |   238 |    79 ||  1071
         Robe              |       |       |    22 |    50 |   103 |    25 |       |       |       ||   200
  Dodge: Dodged            |    50 |    42 |   277 |   411 |   798 |  1981 |  1298 |  1114 |   308 ||  6279
  Block: Buckler           |       |       |       |       |       |   796 |   677 |   502 |   149 ||  2124
   Form: Blade             |       |       |     2 |       |       |     1 |       |     3 |       ||     6
                           |       |       |     1 |       |       |       |       |       |       ||     1
         Statue            |       |       |       |       |       |     2 |       |     3 |       ||     5

Table legend: (Time is in decaauts)
 A = Elapsed time spent in this place.
 B = Non-inter-level travel time spent in this place.
 C = Inter-level travel time spent in this place.
 D = Time resting spent in this place.
 E = Time spent auto-exploring this place.
 F = Levels seen in this place.
 G = Mean time per level.
                   A        B        C        D        E       F      G
               +--------+--------+--------+--------+--------+-----+--------+
         Total |  51372 |  43047 |   8325 |   3992 |  27947 |  46 | 1116.8 |
       Dungeon |  18601 |  14223 |   4378 |   2572 |   8769 |  15 | 1240.1 |
          Lair |   5664 |   4816 |    848 |    417 |   3425 |   5 | 1132.8 |
         Swamp |   2470 |   2182 |    288 |     89 |   1471 |   4 |  617.5 |
   Spider Nest |   4028 |   3811 |    217 |    254 |   2262 |   4 | 1007.0 |
  Orcish Mines |   1454 |   1195 |    259 |    103 |    816 |   2 |  727.0 |
   Elven Halls |    200 |    133 |     67 |      0 |     67 |   1 |  200.0 |
        Vaults |  10481 |   9099 |   1382 |    158 |   6345 |   5 | 2096.2 |
        Depths |   6427 |   5721 |    706 |    125 |   3962 |   4 | 1606.8 |
           Zot |   1594 |   1418 |    176 |    101 |    724 |   5 |  318.8 |
      Gauntlet |    451 |    451 |      0 |    170 |    100 |   1 |  451.0 |
               +--------+--------+--------+--------+--------+-----+--------+

Top non-repeatable levels by time:
Depths:1: 2446 daAuts
Vaults:1: 2367 daAuts
     D:6: 2295 daAuts
Vaults:3: 2155 daAuts
Vaults:2: 2100 daAuts
Depths:4: 2046 daAuts
Vaults:4: 1971 daAuts
    D:10: 1947 daAuts
Vaults:5: 1887 daAuts
     D:7: 1739 daAuts
Spider:3: 1678 daAuts
Depths:2: 1613 daAuts
    D:13: 1553 daAuts
  Lair:2: 1539 daAuts
     D:5: 1423 daAuts
